 Dungeon Crawl Stone Soup version 0.31-a0-675-g238779eb0a (webtiles) character file.

Game seed: 2409383847703778962

268 javelincjr the Trooper (level 6, -3/48 HPs)
             Began as a Demonspawn Fighter on Sept 5, 2023.
             Slain by elongatedgoose's ghost (7 damage)
             ... on level 3 of the Dungeon.
             The game lasted 00:06:00 (1695 turns).

javelincjr the Trooper (Demonspawn Fighter)         Turns: 1695, Time: 00:06:00

Health: -3/48      AC: 11    Str: 18    XL:     6   Next: 0%
Magic:  6/6        EV:  7    Int: 15    God:
Gold:   173        SH:  5    Dex: 13    Spells: 5/5 levels left

rFire   . . .        a - +0 war axe
rCold   . . .        c - +0 buckler
rNeg    . . .        k - +0 chain mail
rPois   .            (no helmet)
rElec   .            (no cloak)
rCorr   .            (no gloves)
SInv    .            (no boots)
Will    .....        (no amulet) Stlth
                     n - +6 ring of intelligence
HPRegen 0.28/turn    (no ring)
MPRegen 0.10/turn

%: no passive effects
@: no status effects
A: icy blue scales 1, foul stench 2, demonic touch 1
a: no special abilities


You were on level 3 of the Dungeon.
You visited 1 branch of the dungeon, and saw 3 of its levels.

You collected 173 gold pieces.

Inventory:

Hand Weapons
 a - a +0 war axe (weapon)
Armour
 b - a +0 scale mail
 c - a +0 buckler (worn)
 k - a +0 chain mail (worn)
Jewellery
 n - a +6 ring of intelligence (left hand)
Wands
 j - a wand of iceblast (13)
Scrolls
 d - 2 scrolls of revelation {unknown}
 e - a scroll of noise {unknown}
 f - a scroll of blinking {unknown}
 g - 4 scrolls of identify {unknown}
 m - a scroll of teleportation {unknown}
Potions
 l - a potion of invisibility {unknown}
 o - a potion of curing {unknown}


   Skills:
 + Level 4.2 Fighting
 + Level 3.2 Axes
 + Level 3.8 Armour
 + Level 3.8 Shields


You had 5 spell levels left.
You didn't know any spells.
Your spell library was empty.

Dungeon Overview and Level Annotations

Branches:
Dungeon (3/15)

Altars:
Gozag

Shops:
D:2 (

Annotations:
D:3 elongatedgoose's ghost, amateur DsGl


Innate Abilities, Weirdness & Mutations

You are partially covered in icy blue scales. (AC +2)
You sometimes emit foul miasma when damaged in melee.
Your touch may inflict minor irresistible damage on your foes.


Message History

Elongatedgoose's ghost hits you.
You hit elongatedgoose's ghost.
Elongatedgoose's ghost is moderately damaged.
Elongatedgoose's ghost hits you but does no damage. x2
You hit elongatedgoose's ghost.
Elongatedgoose's ghost is moderately damaged.
Elongatedgoose's ghost hits you!
You barely miss elongatedgoose's ghost.
Elongatedgoose's ghost is moderately damaged.
Elongatedgoose's ghost hits you.
You block elongatedgoose's ghost's attack.
You closely miss elongatedgoose's ghost.
Elongatedgoose's ghost is moderately damaged.
Elongatedgoose's ghost hits you but does no damage.
You closely miss elongatedgoose's ghost.
Elongatedgoose's ghost is moderately damaged.
Elongatedgoose's ghost hits you but does no damage.
You slash elongatedgoose's ghost!
Elongatedgoose's ghost is severely damaged.
Elongatedgoose's ghost hits you! Elongatedgoose's ghost hits you.
You are too injured to fight recklessly!
You are too injured to fight recklessly!
You are too injured to fight recklessly!
You are too injured to fight recklessly!
You completely miss elongatedgoose's ghost.
Elongatedgoose's ghost is severely damaged.
Elongatedgoose's ghost hits you.
* * * LOW HITPOINT WARNING * * *
You hit elongatedgoose's ghost.
Elongatedgoose's ghost is severely damaged.
Elongatedgoose's ghost hits you!
* * * LOW HITPOINT WARNING * * *
Elongatedgoose's ghost barely misses you.
You closely miss elongatedgoose's ghost.
Elongatedgoose's ghost is severely damaged.
You block elongatedgoose's ghost's attack.
You barely miss elongatedgoose's ghost.
Elongatedgoose's ghost is severely damaged.
Elongatedgoose's ghost hits you!
You die...

.)......#........#.# #.#.....#
†.......#........#.## #.#.....#
#...###.#........#..###.#.....#
##..###.#...................####
#...##.....####................##
....########8..>................#
..#.#8.....#.....................
..<.#..##..#.....W...............
....#..8#.o#..#)@................
....#..##oW#.o##.........).......
....#....#o#o)...................
....#[...#.o...#.#...............
..#.#_.8.#.'...#.#..............#
.##.#[...#.'..##>).#.....#.....##
.##.#....#.#..###..##..#########
....#..##..#..###..##.##
#####..8#..#..........#


You could see elongatedgoose's ghost.

Vanquished Creatures
  Sigmund (D:2)
  An orc priest (D:3)
  An adder (D:2)
  2 dart slugs
  8 orcs
  2 ball pythons
  5 bats
  5 endoplasms (D:1)
  A giant cockroach (D:3)
  2 goblins
  4 hobgoblins
  3 jackals (D:1)
  A quokka (D:3)
  3 frilled lizards
  10 kobolds
  3 rats (D:1)
  A spectral hobgoblin (D:2)
53 creatures vanquished.

Notes
Turn   | Place    | Note
-------+----------+-------------------------------------------
     0 | D:1      | javelincjr the Demonspawn Fighter began the quest for the
                  | Orb.
     0 | D:1      | Reached XP level 1. HP: 18/18 MP: 1/1
   106 | D:1      | Gained mutation: You are partially covered in icy blue
                  | scales. (AC +2) [demonic ancestry]
   106 | D:1      | Reached XP level 2. HP: 21/24 MP: 2/2
   535 | D:1      | Gained mutation: You may rarely emit foul miasma when
                  | damaged in melee. [demonic ancestry]
   535 | D:1      | Reached XP level 3. HP: 29/29 MP: 3/3
   788 | D:2      | Noticed Sigmund
   795 | D:2      | Killed Sigmund
   796 | D:2      | Reached skill level 4 in Fighting
   796 | D:2      | Gained mutation: Your touch may inflict minor irresistible
                  | damage on your foes. [demonic ancestry]
   796 | D:2      | Reached XP level 4. HP: 37/37 MP: 4/4
   796 | D:2      | Gained mutation: You sometimes emit foul miasma when
                  | damaged in melee. [demonic ancestry]
   796 | D:2      | Reached XP level 5. HP: 42/42 MP: 5/5
   884 | D:2      | Found Mitegh's Weapon Shoppe.
  1079 | D:2      | Found a faded altar of an unknown god.
  1222 | D:3      | Found an opulent altar of Gozag.
  1348 | D:3      | Found a runed translucent gate.
  1348 | D:3      | Found a runed translucent gate.
  1401 | D:3      | Found a runed translucent gate.
  1401 | D:3      | Noticed elongatedgoose's ghost (amateur DsGl)
  1402 | D:3      | Identified the +0 leather armour of Brilliance {+Blink
                  | Will+ MP+9 Str+7}
  1519 | D:2      | Reached XP level 6. HP: 6/48 MP: 6/6
  1695 | D:3      | Slain by elongatedgoose's ghost

Illustrated notes

Levels and vault maps discovered:
D:1:      minmay_arrival_doors, layout_rooms
D:2:      layout_basic, dreamdust_ecumenical_altar_drowned_temple, serial_shops,
          shop, uniq_sigmund
D:3:      layout_rooms, nicolae_gozag_cash_rules_everything_around_me,
          biasface_ghost_orc_armoury

Skill      XL: |  1  2  3 |
---------------+----------+-----
Axes           | 2 3 |  3.2
Shields        | 3 |  3.8
Armour         | 3 |  3.8
Fighting       | 4 |  4.2

Action                     |  1- 3 |  4- 6 || total
---------------------------+-------+-------++-------
  Melee: War axe           |    67 |    55 ||   122
    Use: Potion            |     1 |     2 ||     3
 Armour: Scale mail        |    50 |     3 ||    53
         Chain mail        |       |    62 ||    62
  Dodge: Dodged            |    32 |    19 ||    51
  Block: Buckler           |    16 |    14 ||    30

Table legend: (Time is in decaauts)
 A = Elapsed time spent in this place.
 B = Non-inter-level travel time spent in this place.
 C = Inter-level travel time spent in this place.
 D = Time resting spent in this place.
 E = Time spent auto-exploring this place.
 F = Levels seen in this place.
 G = Mean time per level.
                   A        B        C        D        E       F      G
               +--------+--------+--------+--------+--------+-----+--------+
         Total |   1750 |   1750 |      0 |    147 |   1166 |   3 |  583.3 |
       Dungeon |   1750 |   1750 |      0 |    147 |   1166 |   3 |  583.3 |
               +--------+--------+--------+--------+--------+-----+--------+

Top non-repeatable levels by time:
     D:2: 750 daAuts
     D:1: 601 daAuts
     D:3: 398 daAuts
